 Dungeon Crawl Stone Soup version 0.28-a0-1389-gc726bef33b (webtiles) character file.

Game seed: 7809615789794078924

37 sanka the Cudgeller (level 3, -1/35 HPs)
             Began as a Gnoll Cinder Acolyte on Jan 3, 2022.
             Was a High Priest of Ignis.
             Slain by a goblin (3 damage)
             ... on level 2 of the Dungeon.
             The game lasted 00:02:33 (1902 turns).

sanka the Cudgeller (Gnoll Cinder Acolyte)          Turns: 1902, Time: 00:02:34

Health: -1/35      AC:  2    Str: 13    XL:     3   Next: 39%
Magic:  7/7        EV: 11    Int: 15    God:    Ignis [*****.]
Gold:   98         SH:  0    Dex:  7    Spells: 5/7 levels left

rFire   + . .      SeeInvis .   a - -1 mace (flame)
rCold   . . .      Faith    .   (no shield)
rNeg    . . .      Spirit   .   b - +0 robe
rPois   .          Reflect  .   (no helmet)
rElec   .          Harm     .   (no cloak)
rCorr   .          Rampage  .   (no gloves)
Will    .....                   (no boots)
Stlth   +.........              (no amulet)
HPRegen 0.11/turn               (no ring)
MPRegen 0.10/turn               (no ring)

@: no status effects
A: fangs 1, strong nose, distributed training
a: Renounce Religion, Fiery Armour, Foxfire Swarm, Rising Flame


You were on level 2 of the Dungeon.
You worshipped Ignis.
Ignis was extremely pleased with you.
You visited 1 branch of the dungeon, and saw 2 of its levels.

You collected 98 gold pieces.


Innate Abilities, Weirdness & Mutations

You have very sharp teeth.
Your uncanny sense of smell can sniff out nearby items.
Your experience applies equally to all skills.


   Skills:
 + Level 6.5 Fighting
 + Level 0.7 Short Blades
 + Level 0.7 Long Blades
 + Level 0.7 Axes
 + Level 6.5 Maces & Flails
 + Level 0.7 Polearms
 + Level 0.7 Staves
 + Level 0.7 Slings
 + Level 0.7 Bows
 + Level 0.7 Crossbows
 + Level 0.7 Throwing
 + Level 0.7 Armour
 + Level 0.7 Dodging
 + Level 0.7 Stealth
 + Level 0.7 Shields
 + Level 0.7 Unarmed Combat
 + Level 2.8 Spellcasting
 + Level 0.5 Conjurations
 + Level 0.5 Hexes
 + Level 0.5 Summonings
 + Level 0.5 Necromancy
 + Level 0.5 Translocations
 + Level 0.5 Transmutations
 + Level 5.4 Fire Magic
 + Level 0.5 Ice Magic
 + Level 0.5 Air Magic
 + Level 0.5 Earth Magic
 + Level 0.5 Poison Magic
 + Level 0.9 Invocations
 + Level 0.7 Evocations


You had 5 spell levels left.
You knew the following spells:

 Your Spells              Type           Power      Damage    Failure   Level
y - Scorch                Fire           36%        2d7       3%          2

Your spell library contained the following spells:

 Spells                   Type           Power      Damage    Failure   Level


Inventory:

Hand Weapons
 a - a -1 mace of flaming (weapon)
Armour
 b - a +0 robe (worn)
Scrolls
 d - 2 scrolls of fog {unknown}
 e - a scroll of enchant armour {unknown}
Potions
 c - a potion of might {unknown}

Dungeon Overview and Level Annotations

Branches:
Dungeon (2/15)

Altars:

..▒▒▒.........▒
▒.............▒.▒
..▒▒.....<........>
▒..▒▒▒▒.......▒.▒ ▒
▒..▒▒.....▒▒▒▒.▒ ▒.
▒..▒▒.........▒ ...
▒..▒▒▒..▒▒▒▒▒▒▒▒
▒.. ▒..▒▒..........
▒.. ▒..▒▒g▒▒▒▒▒▒▒.
∆▒...▒.w.▒.▒
▒.g.▒)gw▒ ▒..▒▒▒..▒
▒..▒ ▒..▒ ▒..▒ ▒▒.▒
▒..▒ ▒.▒ ...▒ ▒.▒
▒.▒ ▒.▒


You could see a worm and a goblin.


Message History

You barely miss the goblin.
The goblin is heavily wounded.
The goblin hits you with a +0 club.
You hit the goblin. You burn the goblin.
You kill the goblin!
You completely miss the worm. The goblin barely misses you. The worm bites you.
You see here a ball python corpse.
You barely miss the endoplasm. The endoplasm hits you.
You hit the endoplasm. You burn the endoplasm. You bite the endoplasm.
The endoplasm is heavily wounded.
The endoplasm hits you.
You hit the endoplasm. You burn the endoplasm.
You kill the endoplasm!
The goblin hits you from afar with a +0 spear.
The goblin hits you with a +0 spear.
* * * LOW HITPOINT WARNING * * *
You hit the worm but do no damage. The goblin hits you with a +0 spear.
* * * LOW HITPOINT WARNING * * *
The worm bites you!
* * * LOW HITPOINT WARNING * * *
The goblin hits you from afar with a +0 spear.
You die...

Action                   || total
-------------------------++-------
Melee: Mace              ||    56
       Bite              ||     4
 Cast: Scorch            ||     8
Armor: Robe              ||     6
Dodge: Dodged            ||    27

Levels and vault maps discovered:
D:1:      ldierk_water_garden, layout_basic, st_stairs_10, lemuel_flame_loot_1
D:2:      minmay_alternating_diamond, layout_basic,
          hellmonk_ecumenical_altar_arch_garden

Notes
Turn   | Place    | Note
-------+----------+-------------------------------------------
     0 | D:1      | sanka the Gnoll Cinder Acolyte began the quest for the Orb.
     0 | D:1      | Reached XP level 1. HP: 23/23 MP: 4/4
   322 | D:1      | Reached XP level 2. HP: 17/29 MP: 5/5
   456 | D:1      | Learned a level 2 spell: Scorch
   732 | D:1      | Reached XP level 3. HP: 30/35 MP: 1/7
  1092 | D:1      | HP: 3/35 [something (14)]
  1901 | D:2      | HP: 2/35 [worm (11)]
  1902 | D:2      | Slain by a goblin

Vanquished Creatures
  A gnoll (D:1)
  A worm (D:2)
  A dart slug (D:1)
  3 ball pythons
  4 endoplasms
  A giant cockroach (D:1)
  A hobgoblin (D:1)
  A kobold (D:2)
  A quokka (D:1)
  A bat (D:1)
  A frilled lizard (D:1)
  2 goblins
  3 rats
  A toadstool (D:1)
22 creatures vanquished.

Vanquished Creatures (others)
  A hobgoblin (D:1)
  3 toadstools (D:1)
4 creatures vanquished.

Grand Total: 26 creatures vanquished
